 Dungeon Crawl Stone Soup version 0.26-a0-54-g15ccc7ae60 (webtiles) character file.

Game seed: 14663109424942039039

173 Ozzies the Skirmisher (level 5, -3/34 HPs)
             Began as a Gargoyle Fighter on June 8, 2020.
             Slain by an iguana (8 damage)
             ... on level 4 of the Dungeon.
             The game lasted 00:04:46 (3331 turns).

Ozzies the Skirmisher (Gargoyle Fighter)            Turns: 3331, Time: 00:04:47

Health: -3/34      AC: 11    Str: 20    XL:     5   Next: 53%
Magic:  5/5        EV:  6    Int:  9    God:
Gold:   186        SH: 14    Dex:  9    Spells: 4/4 levels left

rFire    . . .     SeeInvis .   i - +0 whip
rCold    . . .     Gourm    .   u - +0 tower shield
rNeg     + . .     Faith    .   b - +0 scale mail
rPois    ∞         Spirit   .   (no helmet)
rElec    +         Reflect  .   (no cloak)
rCorr    .         Harm     .   (no gloves)
MR       .....                  (no boots)
Stlth    ..........             (no amulet)
HPRegen  0.11/turn              (no ring)
MPRegen  0.09/turn              (no ring)

@: no status effects
A: negative energy resistance 1, electricity resistance, unbreathing,
petrification resistance, rot immunity, AC +4
a: no special abilities


You were on level 4 of the Dungeon.
You were not hungry.

You visited 1 branch of the dungeon, and saw 4 of its levels.

You collected 186 gold pieces.

Inventory:

Hand Weapons
 a - a +0 flail
 e - a +0 whip
 i - a +0 whip (weapon)
Armour
 b - a +0 scale mail (worn)
 c - a +0 kite shield
 u - a +0 tower shield (worn)
Wands
 j - a wand of polymorph (9)
 o - a wand of random effects (16)
 q - a wand of clouds (6)
Scrolls
 k - a scroll of blinking {unknown}
 l - 4 scrolls of identify {unknown}
 m - 2 scrolls of teleportation {unknown}
 n - a scroll of remove curse {unknown}
 r - a scroll of enchant weapon {unknown}
 s - a scroll of immolation {unknown}
 t - a scroll of fog {unknown}
Potions
 d - a potion of might
 g - a potion of curing {unknown}
 h - a potion of lignification {unknown}
 p - a potion of stabbing {unknown}
Comestibles
 f - 9 rations


   Skills:
 * Level 4.4 Fighting
 + Level 3.0 Maces & Flails
 - Level 4.1 Armour
 - Level 1.0 Dodging
 - Level 4.3 Shields


You had 4 spell levels left.
You didn't know any spells.
Your spell library contained the following spells:

 Spells                   Type           Power        Failure   Level  Hunger
 Confusing Touch          Hex            #.......     100%        3    ####...
 Gell's Gravitas          Tloc           #.........   100%        3    ####...
 Petrify                  Tmut/Erth      #.......     100%        4    #####..
 Metabolic Englaciation   Hex/Ice        #.........   100%        5    ######.
 Yara's Violent Unravell  Hex/Tmut       #.........   100%        5    ######.


Dungeon Overview and Level Annotations

Branches:
Dungeon (4/15)
 Temple: D:4-7

Altars:
Cheibriados
Dithmenos
Elyvilon


Innate Abilities, Weirdness & Mutations

You are resistant to torment.
Your stone body is resilient. (AC +4)
You are immune to poison.
You resist negative energy. (rN+)
You are resistant to electric shocks. (rElec)
You can survive without breathing.
You are immune to petrification.
You are immune to rotting.


Message History

You hit the iguana but do no damage.
The iguana is heavily wounded.
You block the iguana's attack.
You completely miss the iguana.
The iguana is heavily wounded.
The iguana bites you but does no damage.
You hit the iguana but do no damage.
The iguana is heavily wounded.
The iguana barely misses you.
You hit the iguana but do no damage.
The iguana is heavily wounded.
The iguana bites you but does no damage.
You hit the iguana but do no damage.
The iguana is heavily wounded.
The iguana bites you.
* * * LOW HITPOINT WARNING * * *
You hit the iguana but do no damage.
The iguana is heavily wounded.
The iguana bites you!
You die...

#)##..............#
## ###.#.####.(#..#
#.##.# #..#..# #.#
#.####.....# ##
#.........##
#######.### #<# #)#
#@# #..l.# #.#..#
#....# # ....
....## .#.## ###.#


You could see an iguana.

Vanquished Creatures
  Ijyb (D:3)
  Natasha (D:3)
  A worker ant (D:4)
  5 adders
  A worm (D:2)
  2 dart slugs
  A leopard gecko (D:4)
  An orc (D:3)
  4 bats
  3 giant cockroaches
  4 goblins
  5 hobgoblins
  4 jackals (D:4)
  5 quokkas
  3 frilled lizards
  3 kobolds
  3 rats
47 creatures vanquished.

Vanquished Creatures (others)
  Natasha (D:3)
1 creature vanquished.

Grand Total: 48 creatures vanquished

Notes
Turn   | Place    | Note
-------+----------+-------------------------------------------
     0 | D:1      | Ozzies the Gargoyle Fighter began the quest for the Orb.
     0 | D:1      | Reached XP level 1. HP: 14/14 MP: 1/1
   116 | D:1      | Reached XP level 2. HP: 15/19 MP: 2/2
   873 | D:2      | Reached XP level 3. HP: 21/23 MP: 3/3
  1614 | D:2      | Reached XP level 4. HP: 29/29 MP: 4/4
  1752 | D:3      | Noticed Natasha
  1783 | D:3      | Killed Natasha
  1986 | D:3      | Noticed Ijyb
  2069 | D:3      | Killed Ijyb
  2346 | D:3      | Found a white marble altar of Elyvilon.
  2652 | D:3      | Reached XP level 5. HP: 33/33 MP: 5/5
  2666 | D:3      | Found a snail-covered altar of Cheibriados.
  2666 | D:3      | Found a shadowy altar of Dithmenos.
  2801 | D:3      | Noticed Natasha
  2825 | D:3      | Killed Natasha
  2825 | D:3      | Reached skill level 1 in Dodging
  3331 | D:4      | Slain by an iguana

Illustrated notes

Levels and vault maps discovered:
D:1:      dpeg_arrival_shelter, layout_basic
D:2:      layout_loops_ring, minmay_unequal
D:3:      layout_loops_ring, old_standard_altar,
          amethyst_overflow_temple_binary, first_ration, due_unseen_surprise,
          uniq_ijyb, uniq_natasha
D:4:      layout_loops_corners, grunt_temple_overflow_gold_and_silver,
          nicolae_ossuary_entry_plus, uniq_menkaure

Skill      XL: |  1  2  3  4  5 |
---------------+----------------+-----
Shields        | 4 |  4.3
Armour         | 4 |  4.1
Fighting       | 4 |  4.4
Dodging        | 1 |  1.0
Maces & Flails | 3 |  3.0

Action                   |  1- 3 |  4- 6 || total
-------------------------+-------+-------++-------
Melee: Whip              |   152 |   281 ||   433
  Eat: Chunk             |     2 |     6 ||     8
Armor: Scale mail        |    67 |   201 ||   268
Dodge: Dodged            |    30 |   114 ||   144
Block: Kite shield       |    70 |   159 ||   229
       Tower shield      |       |     8 ||     8

Table legend:
 A = Non-vault XP
 B = Vault XP
 C = Vault XP percentage of total XP
 D = Non-vault monster count
 E = Vault monster count
 F = Vault count percentage of total count
                 A         B        C        D         E       F
            +---------+---------+-------+---------+---------+-------
      Total |     202 |      46 |  18.5 |      42 |       5 |  10.6
            +---------+---------+-------+---------+---------+-------
        D:1 |      15 |       0 |   0.0 |       8 |       0 |   0.0
        D:2 |      64 |      10 |  13.5 |      18 |       4 |  18.2
        D:3 |      78 |      36 |  31.6 |      10 |       1 |   9.1
        D:4 |      45 |       0 |   0.0 |       6 |       0 |   0.0
            +---------+---------+-------+---------+---------+-------
